[Event "Early-Titled-Tuesday-Blitz-February-20-2024"]
[Site "Chess.com"]
[Date "2024.02.20"]
[Round "5"]
[White "GrotBchess"]
[Black "ZachHKL"]
[Result "1/2-1/2"]
[WhiteElo "2355"]
[BlackElo "2116"]
[TimeControl "180+1"]
[EndTime "8:56:30 PST"]
[Termination "Game drawn by repetition"]

1. d4 Nf6 2. c4 e6 3. Nf3 Bb4+ 4. Bd2 Qe7 5. g3 O-O 6. Bg2 a5 7. Nc3 d6 8. O-O Nbd7 9. Qc2 Re8 10. a3 Bxc3 11. Bxc3 a4 12. Rad1 e5 13. dxe5 dxe5 14. h4 h6 15. Nd2 c5 16. e3 Nb8 17. Ne4 Nc6 18. Rd2 Nxe4 19. Bxe4 f6 20. Rfd1 Be6 21. Rd5 Rec8 22. Bf5 Nd4 23. exd4 Bxd5 24. Bxc8 Bxc4 25. Bf5 Bb3 26. Qd2 Bxd1 27. Qxd1 exd4 28. Bd2 Qe5 29.
Bd3 b6 30. Bf4 Qe6 31. Qc1 Kf8 32. Bc4 Qe4 33. h5 Rd8 34. Qd2 d3 35. Bb5 Qf3 36.
Be3 Qe4 37. Qc3 c4 38. Bxc4 d2 39. Bxd2 Rxd2 40. Qxd2 Qxc4 41. Qd8+ Kf7 42. Qxb6 Qc1+ 43. Kg2 Qc2 44. Qb7+ Kg8 45. Qa8+ Kh7 46. Qb7 Kg8 47. Kg1 Qd1+ 48. Kg2 Qc2 1/2-1/2

[Event "Early-Titled-Tuesday-Blitz-February-20-2024"]
[Site "Chess.com"]
[Date "2024.02.20"]
[Round "5"]
[White "FairChess_on_YouTube"]
[Black "Genghis_K"]
[Result "1/2-1/2"]
[WhiteElo "3074"]
[BlackElo "2933"]
[TimeControl "180+1"]
[EndTime "8:56:31 PST"]
[Termination "Game drawn by stalemate"]

1. d4 Nf6 2. c4 e6 3. Nf3 d5 4. Bg5 dxc4 5. e4 b5 6. Nc3 a6 7. a4 b4 8. Nb1 Bb7 9. e5 h6 10. Bh4 g5 11. Bg3 Nd5 12. Bxc4 h5 13. h4 g4 14. Ng5 Be7 15. Nd2 Nb6 16. Nxe6 fxe6 17. Bxe6 Bd5 18. Bxd5 Qxd5 19. a5 Qxg2 20. Rf1 Nd5 21. Qc2 Rh6 22. Ke2 Nc6 23. Qc4 O-O-O 24. Rg1 Nf4+ 25. Bxf4 Nxd4+ 26. Qxd4 Rxd4 27. Rxg2 Rxf4 28. f3 Rf5 29. fxg4 Rxe5+ 30. Kd3 Rd6+ 31. Kc2 Rc5+ 32. Kb3 Rd3+ 33. Ka4 Rc2 34. gxh5 Rcxd2 35. Rg8+ Rd8 36. Rag1 Rd4 37. b3 Rxh4 38. Rxd8+ Bxd8 39. Rd1 Rxh5 40. Rd4 Rb5 41. Rxd8+ Kxd8 1/2-1/2

[Event "Early-Titled-Tuesday-Blitz-February-20-2024"]
[Site "Chess.com"]
[Date "2024.02.20"]
[Round "5"]
[White "Nikolakis2014"]
[Black "vi_pranav"]
[Result "1-0"]
[WhiteElo "2758"]
[BlackElo "3027"]
[TimeControl "180+1"]
[EndTime "8:56:31 PST"]
[Termination "Nikolakis2014 won on time"]

1. Nf3 Nf6 2. c4 e6 3. g3 a6 4.
Bg2 b5 5. b3 Bb7 6. O-O Be7 7.
Nc3 bxc4 8. bxc4 c5 9. Rb1 Bc6 10. d4 cxd4 11. Nxd4 Bxg2 12. Kxg2 O-O 13. e3 Qc8 14.
Qf3 Ra7 15. Bd2 Qxc4 16. Rfc1 Qd3 17. Be1 d5 18. Na4 h6 19. Kg1 Bd6 20. Nb6 Nbd7 21. Nc8 Ne5 22. Qg2 Rd7 23. Nxd6 Rxd6 24. Bb4 Rb6 25.
Rb3 Rxb4 26. Rxd3 Nxd3 27. Rd1 Ne5 28. Qf1 Rb2 29. Rb1 Rxa2 30. Ra1 Rb2 31. Rb1 Rfb8 32. Rxb2 Rxb2 33. Qxa6 Ne4 34. Nxe6 Nf3+ 35. Kh1 Rb1+ 36. Kg2 Ne1+ 37. Kh3 Nxf2+ 38. Kh4 Nf3+ 39. Kh5 Rb8 40. Nf4 Ne4 41. Kg4 Ne5+ 42. Kh3 1-0

[Event "Early-Titled-Tuesday-Blitz-February-20-2024"]
[Site "Chess.com"]
[Date "2024.02.20"]
[Round "5"]
[White "sergoy"]
[Black "Brave_spirit12"]
[Result "1-0"]
[WhiteElo "2987"]
[BlackElo "2730"]
[TimeControl "180+1"]
[EndTime "8:56:32 PST"]
[Termination "sergoy won on time"]

1. d4 Nf6 2. c4 c5 3. d5 b5 4. cxb5 a6 5. bxa6 Bxa6 6. Nc3 g6 7. e4 Bxf1 8. Kxf1 d6 9. g3 Bg7 10. Kg2 O-O 11. Nf3 Nbd7 12. Qe2 Ra5 13. a4 Qa8 14.
Ra3 Rb8 15. Nd2 Ne8 16. Nc4 Ra7 17. a5 Nc7 18. Bg5 Kf8 19. h4 h5 20. Rha1 Ne5 21. Nb6 Qb7 22. Bf4 Kg8 23. Rb3 Qa6 24. Qxa6 Rxa6 25. Bxe5 Bxe5 26. Raa3 e6 27. dxe6 fxe6 28. Nb5 Nxb5 29. Rxb5 Bd4 30. Rab3 Rd8 31. Rd3 Kf7 32.
b4 Ke7 33. Nc4 Rd7 34. bxc5 dxc5 35. Rdb3 Rc7 36. Rb7 Kd7 37. Rxc7+ Kxc7 38. Rb6 Rxb6 39. axb6+ Kc6 40. f3 Bf6 41. Kf2 Bd8 42. Ne5+ Kxb6 43. Nxg6 Kb5 44. Ke2 Kb4 45. Nf4 c4 46. Nxe6 Bf6 47.
Nf4 Kb3 48. Nd5 1-0

[Event "Early-Titled-Tuesday-Blitz-February-20-2024"]
[Site "Chess.com"]
[Date "2024.02.20"]
[Round "5"]
[White "JaackCamel"]
[Black "pfalcon1949"]
[Result "1/2-1/2"]
[WhiteElo "2188"]
[BlackElo "1975"]
[TimeControl "180+1"]
[EndTime "8:56:32 PST"]
[Termination "Game drawn by repetition"]

1. d4 e6 2. c4 Nf6 3. Nc3 Bb4 4. e3 O-O 5. Bd3 d5 6. Ne2 dxc4 7. Bxc4 c5 8. O-O cxd4 9. exd4 Nc6 10. Bg5 h6 11.
Bh4 b6 12. d5 exd5 13. Nxd5 Be7 14. Nxe7+ Qxe7 15. Nc3 g5 16. Bg3 Bb7 17. Re1 Qc5 18.
Bb3 Rad8 19. Qf3 Kg7 20. Ne4 Nxe4 21. Qxe4 Na5 22. Qe5+ Qxe5 23. Bxe5+ f6 24. Bc7 Nxb3 25. axb3 Rd7 26. Bg3 Bd5 27. b4 Rfd8 28. h3 Kg6 29. Red1 f5 30. Be5 f4 31. Bc3 h5 32. Rd4 Bc6 33.
Rxd7 Rxd7 34. Re1 Kf7 35. Re5 g4 36. hxg4 hxg4 37. Rf5+ Kg6 38. Rxf4 Kg5 39. Rc4 Rd1+ 40. Kh2 Rd6 41. Rd4 Rxd4 42. Bxd4 Kf4 43. Be3+ Kf5 44.
Kg3 Bb7 45. Bd4 Be4 46. f3 gxf3 47. gxf3 Bc6 48. Bc3 Bd5 49. Bg7 Bc6 50. Bf8 a6 51.
Bd6 b5 52. Kf2 Bd5 53. Ke3 Bc4 54. Bc7 Bd5 55. Bd6 Bb7 56. Bc5 Bc6 57. Bd6 Bb7 58. Bc5 Bc6 59. Bd6 Bb7 1/2-1/2

[Event "Early-Titled-Tuesday-Blitz-February-20-2024"]
[Site "Chess.com"]
[Date "2024.02.20"]
[Round "5"]
[White "SergioMoralesG"]
[Black "Sattarov_Bobur"]
[Result "0-1"]
[WhiteElo "2571"]
[BlackElo "2808"]
[TimeControl "180+1"]
[EndTime "8:56:33 PST"]
[Termination "Sattarov_Bobur won by checkmate"]

1. d4 Nf6 2. c4 c5 3. d5 g6 4. Nc3 Bg7 5. e4 d6 6. h3 O-O 7.
Nf3 e6 8. Be2 exd5 9. exd5 Bf5 10.
O-O Ne4 11. Nxe4 Bxe4 12. Bd3 Bxf3 13. Qxf3 Nd7 14. Bf4 Qb6 15. Rab1 Rae8 16. b3 Be5 17. Bh6 Bg7 18. Bf4 Re7 19. h4 Rfe8 20. h5 Ne5 21. Qg3 Qa5 22. Bg5 Rd7 23. h6 Bh8 24. Rbe1 f6 25. Bf4 Kf7 26. Bxe5 dxe5 27. Qh3 Rde7 28.
d6 Re6 29. Be4 Rxd6 30. Bd5+ Kf8 31. f4 e4 32. f5 Qd2 33. fxg6 hxg6 34. h7 Kg7 35.
Qg3 Qd4+ 36. Kh1 Qe5 37. Qxe5 Rxe5 38. Bxe4 Rde6 39. Rd1 Rxe4 40. Rd8 Kxh7 41. Rf3 Rh4+ 42. Kg1 Re7 43. Rfd3 f5 44. R3d5 Bd4+ 45. Kf1 Rh1# 0-1

[Event "Early-Titled-Tuesday-Blitz-February-20-2024"]
[Site "Chess.com"]
[Date "2024.02.20"]
[Round "5"]
[White "Elnaz_Kaliakhmet"]
[Black "FontVella8"]
[Result "1-0"]
[WhiteElo "2447"]
[BlackElo "2693"]
[TimeControl "180+1"]
[EndTime "8:56:33 PST"]
[Termination "Elnaz_Kaliakhmet won by resignation"]

1. d4 Nf6 2. c4 e6 3. Nf3 d5 4. Nc3 c5 5. cxd5 Nxd5 6. e4 Nxc3 7. bxc3 cxd4 8. cxd4 Bb4+ 9. Bd2 Bxd2+ 10. Qxd2 O-O 11. Bc4 Nd7 12. O-O b6 13. Rac1 Bb7 14. d5 Nc5 15. dxe6 fxe6 16. Qxd8 Raxd8 17. Ng5 Rfe8 18. f3 h6 19. Nh3 Rd4 20. Rfd1 Red8 21. Rxd4 Rxd4 22.
Nf4 Kf7 23. Kf2 g5 24. Ne2 Rd8 25. Ke3 Kf6 26. g3 g4 27. fxg4 Bxe4 28. Rf1+ Ke5 29. Rf7 Bd3 30. Bxd3 Rxd3+ 31. Kf2 Ra3 32. Nc1 a5 33.
Rh7 Rc3 34. Ne2 Ne4+ 35. Kf1 Rc2 36. Rxh6 Rxa2 37. Rh5+ Kd6 38. g5 a4 39. g6 a3 40. g7 Nf6 41. Rh6 Ng8 42. Rh8 Ne7 43. Rd8+ Ke5 44. Re8 Ra1+ 45. Kg2 a2 46. Rxe7 Rg1+ 47. Nxg1 a1=Q 48. g8=Q Qa2+ 49. Kh3 Qd5 50. Qg5+ Kd6 51. Qxd5+ exd5 52. Re8 b5 53. Rb8 Kc7 54.
Rxb5 1-0

[Event "Early-Titled-Tuesday-Blitz-February-20-2024"]
[Site "Chess.com"]
[Date "2024.02.20"]
[Round "5"]
[White "koncheto"]
[Black "lluiss"]
[Result "1-0"]
[WhiteElo "2413"]
[BlackElo "2183"]
[TimeControl "180+1"]
[EndTime "8:56:35 PST"]
[Termination "koncheto won on time"]

1. e4 e6 2. d4 d5 3. Nd2 Nf6 4. e5 Nfd7 5. Bd3 b6 6. f4 Ba6 7. Bxa6 Nxa6 8. Ngf3 Be7 9. O-O g6 10. Qe2 Nb4 11. c3 Nc6 12. g4 h5 13. h3 hxg4 14.
hxg4 Nf8 15. b3 Qd7 16. Bb2 O-O-O 17. a4 a5 18. b4 Kb7 19. Kg2 g5 20. b5 Nb8 21.
Qe3 gxf4 22. Qxf4 Ng6 23. Qxf7 Rdg8 24. Rh1 Nh4+ 25. Rxh4 Bxh4 26. Qf4 Rf8 27. Qe3 Be7 28. Rh1 Rhg8 29. g5 Qd8 30. Rh5 Rf5 31. Bc1 Nd7 32. Nf1 Nf8 33. Ng3 Ng6 34. Nxf5 exf5 35. Rh6 f4 36.
Qe2 Bxg5 37. Rh3 Be7 38. Kf1 Qe8 39. Rh2 Qf7 40. Rg2 Qe6 41. Ng5 Bxg5 42. Rxg5 Nh4 43. Rxg8 Qxg8 44. Bxf4 Qg4 45. Qxg4 Ng6 46. Qxg6 1-0

[Event "Early-Titled-Tuesday-Blitz-February-20-2024"]
[Site "Chess.com"]
[Date "2024.02.20"]
[Round "5"]
[White "OparinGrigoriy"]
[Black "Elsa167"]
[Result "1-0"]
[WhiteElo "3017"]
[BlackElo "2893"]
[TimeControl "180+1"]
[EndTime "8:56:36 PST"]
[Termination "OparinGrigoriy won on time"]

1. c4 e6 2. Nc3 d5 3. d4 Nf6 4.
cxd5 exd5 5. Bg5 Be7 6. e3 O-O 7. Bd3 Re8 8. h3 h6 9. Bf4 c5 10. Nf3 Nc6 11. O-O cxd4 12. exd4 Bd6 13. Bxd6 Qxd6 14.
Re1 Bd7 15. Qd2 Rxe1+ 16. Rxe1 Re8 17. Rxe8+ Bxe8 18. Qe3 Qe7 19. Ne5 Qb4 20. Nxc6 Bxc6 21. Qd2 g6 22. Be2 Kg7 23. a3 Qb6 24. Bf3 Qb3 25. h4 Qb6 26. g3 h5 27. b4 a5 28. b5 Bd7 29. Qf4 Bxb5 30. Nxd5 Nxd5 31. Bxd5 Be8 32. Qe5+ Kf8 33. Be4 Qb2 34. Qxa5 b6 35. Qb4+ Qxb4 36. axb4 Ke7 37. Kg2 Ke6 38. Kf3 Kd6 39. Kf4 f6 40. Ke3 Bf7 41. Bc2 Be8 42. Bb3 Ke7 43. f3 Kd6 44. g4 g5 45. hxg5 fxg5 46. gxh5 Bxh5 47. Kf2 Bg6 48. Kg3 Bf5 49.
Bf7 Bd7 50. Bc4 Bc8 51. Kf2 Bd7 52. Ke3 Bc8 53. Ke4 Bb7+ 54. d5 Bc8 55. Be2 Bd7 56. Kd4 Bf5 57. Bd1 Bh3 58. Bc2 Bc8 59. Bg6 Bd7 60.
Bh5 Bf5 61. Bg4 Bg6 62. Be6 Bc2 63. Ke3 Ke5 64. Kf2 Bb3 65. Kg3 Bxd5 66. Bxd5 Kxd5 67.
Kg4 Kc4 68. Kxg5 Kxb4 69. f4 b5 70. f5 Ka3 71. f6 1-0

[Event "Early-Titled-Tuesday-Blitz-February-20-2024"]
[Site "Chess.com"]
[Date "2024.02.20"]
[Round "5"]
[White "DvaHrasta"]
[Black "blitzking1729"]
[Result "1-0"]
[WhiteElo "2532"]
[BlackElo "2706"]
[TimeControl "180+1"]
[EndTime "8:56:36 PST"]
[Termination "DvaHrasta won on time"]

1. c4 Nf6 2. g3 c6 3. Bg2 e5 4. Nc3 Be7 5. d4 exd4 6. Qxd4 O-O 7. Nf3 Na6 8. O-O Nb4 9. Qd1 d6 10. a3 Na6 11. b4 Re8 12. Bb2 Bf8 13. Rc1 Nc7 14.
h3 d5 15. cxd5 Ncxd5 16. Nxd5 Nxd5 17. Qd2 a5 18. b5 cxb5 19. Rfd1 Be6 20. Ng5 h6 21.
Nxe6 fxe6 22. Qd3 b4 23. Qb5 bxa3 24. Ba1 Qe7 25. Bxd5 exd5 26. Qxd5+ Qf7 27. Qb5 Qe6 28. Qxb7 Qxe2 29. Re1 Qxe1+ 30. Rxe1 Rxe1+ 31. Kg2 Rae8 32. Qd5+ Kh8 33. Bc3 R1e2 34. Qxa5 a2 35. Qh5 Kg8 36. Qd5+ Kh7 37. Qf5+ Kg8 38. Qd5+ R8e6 39. h4 Kh8 40. g4 Bb4 41. Ba1 Be1 42. Qd8+ Re8 43. Qb6 Rxf2+ 44.
Kg1 Kh7 45. h5 Rfe2 46. Qg6+ 1-0

[Event "Early-Titled-Tuesday-Blitz-February-20-2024"]
[Site "Chess.com"]
[Date "2024.02.20"]
[Round "5"]
[White "pooh2012"]
[Black "cristiano78"]
[Result "1-0"]
[WhiteElo "2541"]
[BlackElo "2283"]
[TimeControl "180+1"]
[EndTime "8:56:36 PST"]
[Termination "pooh2012 won by resignation"]

1. d4 Nf6 2. c4 g6 3. Nc3 Bg7 4. e4 d6 5. Nf3 O-O 6. Be2 e5 7. Be3 Ng4 8. Bg5 f6 9. Bh4 Nd7 10. h3 Nh6 11. dxe5 Nxe5 12. Nd4 g5 13. Bg3 Bd7 14. Qb3 Bc6 15. Ne6 Qd7 16. Nxf8 Rxf8 17. c5+ Kh8 18. Rd1 f5 19. cxd6 f4 20. dxc7 Qxc7 21.
Bh2 Qe7 22. f3 Ng8 23. Bg1 Nf6 24. Bxa7 Nh5 25. Bf2 Ng3 26. Bxg3 fxg3 27. Nd5 Bxd5 28. Rxd5 Ng6 29. O-O Nf4 30. Rd2 Bd4+ 31. Kh1 Bf2 32. Bb5 Qg7 33. Qc3 Qxc3 34. bxc3 Rf6 35. c4 Rh6 36.
Rfxf2 gxf2 37. Rxf2 Rd6 38. Kh2 Kg7 39. g3 Ng6 40. f4 gxf4 41. gxf4 Rd3 42. e5 Ne7 43. f5 Nc6 44. f6+ Kf8 45. Bxc6 bxc6 46. e6 Re3 47.
e7+ Kf7 48. Kg2 Re6 49. a4 Re4 50. a5 Rxc4 51. Re2 Kxf6 52. e8=Q Rd4 53. Qh8+ 1-0

[Event "Early-Titled-Tuesday-Blitz-February-20-2024"]
[Site "Chess.com"]
[Date "2024.02.20"]
[Round "5"]
[White "ukchessbomber"]
[Black "Muracle"]
[Result "0-1"]
[WhiteElo "2592"]
[BlackElo "2486"]
[TimeControl "180+1"]
[EndTime "8:56:37 PST"]
[Termination "Muracle won by resignation"]

1. a3 e5 2. a4 Nf6 3. a5 d5 4. d3 Bd6 5. e3 c6 6. g3 O-O 7. Bg2 Bg4 8. Ne2 Nbd7 9. O-O Re8 10. Bd2 Qc7 11. c4 e4 12. dxe4 dxe4 13. Nbc3 Rad8 14. Qc2 Nc5 15. b4 Nd3 16. b5 Bf3 17. Bxf3 exf3 18.
Qxd3 Bxg3 19. Nd4 Bxh2+ 20. Kh1 c5 21. Qf5 cxd4 22. Nd5 Nxd5 23. cxd5 Be5 24. Rac1 Qd6 25. e4 Qa3 26. Rg1 g6 27. Rg4 Qd3 28. Rcg1 Qxd2 29. Qxf3 d3 30. Rh4 Qe2 31. Qh3 d2 32. Rxh7 d1=Q 33.
Rxd1 Qxd1+ 34. Kg2 Qe2 35. Rh4 Bf6 36. Rf4 Kg7 37.
d6 Rxe4 38. Rf3 Re6 39. d7 Rxd7 40. b6 axb6 41. axb6 Rd2 42. Qg3 Bd4 43. Qc7 Rf6 44.
Rxf6 Bxf6 45. Qf4 Qxf2+ 46. Qxf2 Rxf2+ 47. Kxf2 Bd4+ 0-1

[Event "Early-Titled-Tuesday-Blitz-February-20-2024"]
[Site "Chess.com"]
[Date "2024.02.20"]
[Round "5"]
[White "the-do0on"]
[Black "LaPiToB"]
[Result "0-1"]
[WhiteElo "2035"]
[BlackElo "2294"]
[TimeControl "180+1"]
[EndTime "8:56:38 PST"]
[Termination "LaPiToB won on time"]

1. d4 Nf6 2. Bf4 d5 3. e3 c5 4. Nc3 e6 5. Nf3 Be7 6. Bb5+ Bd7 7. a4 O-O 8. O-O a6 9. Bd3 Nc6 10. dxc5 Bxc5 11. e4 dxe4 12. Nxe4 Nxe4 13. Bxe4 Qe7 14. Qd3 f5 15. Bxc6 Bxc6 16. Be5 Rad8 17. Qc3 Bb4 18.
Qe3 Bc5 19. Qc3 Be4 20. Rfd1 Bb4 21. Qb3 Bd5 22. c4 Be4 23. Nd4 Rfe8 24. f3 Bc6 25.
Nxc6 bxc6 26. Rac1 Qc5+ 27. Kf1 Qxe5 28. Qxb4 Qxh2 29.
Rxd8 Rxd8 30. Qe7 Qd6 31. Qxd6 Rxd6 32. b4 Kf7 33. Ke2 e5 34. b5 axb5 35. cxb5 cxb5 36.
axb5 Rb6 37. Rc5 Ke6 38. Kd3 g6 39. Kc4 Kd6 40. Rc8 h5 41. Rg8 Kc7 42. Kc5 Re6 43. b6+ Kb7 44. Rg7+ Kb8 45. b7 e4 46. Kd5 Re8 47.
Kc6 e3 0-1

[Event "Early-Titled-Tuesday-Blitz-February-20-2024"]
[Site "Chess.com"]
[Date "2024.02.20"]
[Round "5"]
[White "MKlose11"]
[Black "mbojan"]
[Result "0-1"]
[WhiteElo "2626"]
[BlackElo "2860"]
[TimeControl "180+1"]
[EndTime "8:56:39 PST"]
[Termination "mbojan won by resignation"]

1. e4 c5 2. Nc3 e6 3. g3 d5 4. Bg2 dxe4 5. Nxe4 Nc6 6. Ne2 Be7 7.
O-O Nf6 8. N2c3 O-O 9. Nxf6+ Bxf6 10. Ne4 Be7 11. d3 Qd7 12. Qh5 b6 13. Ng5 Bxg5 14.
Bxg5 Bb7 15. Be4 h6 16. Be3 Rad8 17. a3 Qe7 18. Rad1 Nd4 19. Bxd4 Rxd4 20. Rfe1 Rfd8 21. Qf3 Bxe4 22. Rxe4 g6 23. Rxd4 Rxd4 24. Re1 Kg7 25. h4 h5 26. Re4 Rd5 27. Rf4 Qd7 28. Re4 b5 29. a4 a6 30. axb5 axb5 31. b3 Rd4 32.
Qe3 b4 33. Rxd4 Qxd4 34. Qe2 Qc3 35. Kg2 Kf8 36. f4 Ke7 37. Kh2 f5 38. Kh3 Kf6 39. Kg2 e5 40. fxe5+ Qxe5 41. Qf3 Qc3 42. Qc6+ Kg7 43.
Qd7+ Kh6 44. Kh3 Qe1 45. Kh2 f4 46. gxf4 Qxh4+ 47. Kg2 Qxf4 48. Qe8 Qf6 49. Qc8 Qe5 50. Kf3 Qf5+ 51. Qxf5 gxf5 52. Kf4 h4 53. Kxf5 h3 54. Kg4 h2 0-1

[Event "Early-Titled-Tuesday-Blitz-February-20-2024"]
[Site "Chess.com"]
[Date "2024.02.20"]
[Round "5"]
[White "deribas12345"]
[Black "DarkAlekhine"]
[Result "0-1"]
[WhiteElo "2614"]
[BlackElo "2844"]
[TimeControl "180+1"]
[EndTime "8:56:39 PST"]
[Termination "DarkAlekhine won on time"]

1. d4 Nf6 2. c4 e6 3. Nc3 Bb4 4. a3 Bxc3+ 5. bxc3 b6 6. f3 Ba6 7. e4 Nc6 8. Bg5 h6 9. Bh4 Na5 10. Qa4 Qc8 11. e5 Ng8 12. Bd3 c5 13. Ne2 Qc6 14. Qc2 Bxc4 15. Be4 Bd5 16. O-O Ne7 17. Rac1 Nc4 18.
Bf2 O-O 19. Ng3 Rac8 20. a4 cxd4 21. cxd4 d6 22. Qe2 dxe5 23. dxe5 Qxa4 24. Ra1 Qd7 25. Rfd1 Qb7 26. Nh5 Rfd8 27. Kh1 a5 28. Bh4 Bxe4 29. fxe4 Rxd1+ 30. Rxd1 Ng6 31. Bf6 gxf6 32. Nxf6+ Kf8 33. Qh5 Ncxe5 34. Qxh6+ Ke7 35. Qg5 Qa6 36. Nh7+ Ke8 37. Nf6+ Kf8 38. Qh6+ Ke7 39. Qg5 Qe2 40. Rg1 Kd6 41.
Nh5 Kc7 42. Qf6 Kb7 43. Nf4 Nxf4 0-1

[Event "Early-Titled-Tuesday-Blitz-February-20-2024"]
[Site "Chess.com"]
[Date "2024.02.20"]
[Round "5"]
[White "HelvertHernandez"]
[Black "NM_Antelacus"]
[Result "0-1"]
[WhiteElo "1979"]
[BlackElo "2247"]
[TimeControl "180+1"]
[EndTime "8:56:39 PST"]
[Termination "NM_Antelacus won by resignation"]

1. e4 c5 2. Nf3 Nc6 3. d4 cxd4 4. Nxd4 Nf6 5. Nc3 e5 6. Ndb5 d6 7. Na3 a6 8. Nd5 Nxd5 9. exd5 Nb8 10. c4 Be7 11.
Bd3 O-O 12. O-O f5 13. f3 Nd7 14. Be3 Nc5 15. Bc2 Bg5 16. Qd2 h6 17. b4 Nd7 18.
Bb3 Kh8 19. Rfd1 Qf6 20. c5 dxc5 21. bxc5 Nxc5 22. Nc4 b5 23. Nb6 Qxb6 24. Rac1 Nxb3 25. Bxb6 Nxd2 26. d6 e4 27. Rc7 exf3 28. d7 Bxd7 29. Rxd7 fxg2 30. R1xd2 Bxd2 31. Rxd2 Rab8 32. Bc5 Rfd8 33.
Rf2 g6 34. Kxg2 Rbc8 35. Bb4 Kg7 36. a3 Kf6 37. Re2 Rd7 38. h4 g5 39. hxg5+ hxg5 40. Kg3 Rc4 41. Kf3 g4+ 42. Kg3 Re4 43. Rc2 Re3+ 44.
Kg2 Red3 45. Bc3+ Kg5 46. Bb4 f4 47. Rc5+ Kg6 48. Rc2 Kf5 49. Rc5+ R7d5 50. Rc2 Ke4 51. Re2+ Re3 52. Rc2 f3+ 53. Kg3 Re2 54. Rc8 Rg5 55. Kh4 Rg6 56. Re8+ Kd3 57. Rd8+ Kc4 58. Rc8+ Kb3 59. Rc3+ Kb2 60. Rc8 g3 61. Kh5 Rge6 62. Kg4 g2 63. Bc5 f2 64. Bxf2 Rxf2 65. Kg3 g1=Q+ 0-1

[Event "Early-Titled-Tuesday-Blitz-February-20-2024"]
[Site "Chess.com"]
[Date "2024.02.20"]
[Round "5"]
[White "Maftuna2303"]
[Black "pedro_nascimento85"]
[Result "0-1"]
[WhiteElo "2403"]
[BlackElo "2129"]
[TimeControl "180+1"]
[EndTime "8:56:39 PST"]
[Termination "pedro_nascimento85 won by resignation"]

1. e4 e6 2. d4 d5 3. Nd2 Nc6 4. c3 e5 5. exd5 Qxd5 6. Ngf3 exd4 7. Nb3 Qe4+ 8. Be2 dxc3 9. O-O Be6 10. Re1 Rd8 11.
Bd2 cxd2 12. Nbxd2 Qb4 13. Qc2 Nf6 14. a3 Qb6 15. Nc4 Qc5 16. b4 Nd4 17. Qa2 Nxe2+ 18. Qxe2 Qh5 19. Nce5 Bd6 20. Qb5+ Nd7 21. h3 O-O 22. g4 Qxh3 23. Ng5 Qh6 24. Nef3 Bxg4 25. Rad1 Nf6 26. Qxb7 Bxf3 27. Nxf3 Ng4 28. Qe4 Bh2+ 29. Kg2 Nf6 30. Qf5 Bd6 31. Ng5 Qg6 32. Qa5 Bf4 33.
Rxd8 Rxd8 34. Kf3 Bxg5 35. Qb5 Rf8 36. Kg2 Bd2+ 37. Kf1 Bxe1 38. Kxe1 Qb1+ 39. Ke2 Qg6 40. Qc5 Qe4+ 0-1

[Event "Early-Titled-Tuesday-Blitz-February-20-2024"]
[Site "Chess.com"]
[Date "2024.02.20"]
[Round "5"]
[White "masnyszachistaaa"]
[Black "WiseKing_08"]
[Result "1-0"]
[WhiteElo "2575"]
[BlackElo "2436"]
[TimeControl "180+1"]
[EndTime "8:56:42 PST"]
[Termination "masnyszachistaaa won on time"]

1. e4 c6 2. d4 d5 3. Nc3 dxe4 4. Nxe4 Bf5 5. Ng3 Bg6 6. Nh3 Nf6 7. Nf4 e5 8. dxe5 Qxd1+ 9. Kxd1 Ng4 10. Nxg6 hxg6 11.
Ke2 Nxe5 12. f4 Ng4 13. h3 Nf6 14. Kf3 Nbd7 15. Bc4 Nb6 16. Bb3 Nbd5 17. Re1+ Be7 18.
c4 Nb4 19. Bd2 O-O-O 20. Be3 c5 21. Rad1 Rxd1 22. Rxd1 Rd8 23. Rxd8+ Kxd8 24. Bd2 Nd3 25. Bc3 Nc1 26. Ne4 Nxb3 27. axb3 Nxe4 28. Kxe4 Bf8 29. Kd5 Kd7 30. Be5 b6 31. Bb8 Kc8 32. Bd6 Bxd6 33. Kxd6 Kd8 34. g4 f6 35. f5 gxf5 36. gxf5 Ke8 37. h4 Kf7 38. Kd7 g6 39. fxg6+ Kxg6 40. Ke6 Kg7 41. Kf5 Kf7 42. h5 Kg7 43. Ke6 a5 44. Kf5 Kf7 45. h6 1-0

[Event "Early-Titled-Tuesday-Blitz-February-20-2024"]
[Site "Chess.com"]
[Date "2024.02.20"]
[Round "5"]
[White "Atousa"]
[Black "campochess"]
[Result "1-0"]
[WhiteElo "2447"]
[BlackElo "2143"]
[TimeControl "180+1"]
[EndTime "8:56:43 PST"]
[Termination "Atousa won by checkmate"]

1. Nf3 c5 2. g3 Nc6 3. Bg2 d5 4. b3 e6 5. Bb2 Nf6 6. O-O Be7 7. d3 O-O 8. Nbd2 b5 9. c4 a6 10. Rc1 Bb7 11. a3 Qb6 12. e4 bxc4 13. exd5 exd5 14.
dxc4 d4 15. Re1 Rfe8 16. Qc2 Bd6 17. Nh4 g6 18. Nhf3 Nd8 19. Rxe8+ Nxe8 20. Ne4 Be7 21. Ne5 Ne6 22. b4 Rd8 23. bxc5 Bxc5 24. Nxc5 Bxg2 25. Nxe6 Qxe6 26. Nxf7 Be4 27. Ng5 d3 28. Nxe6 dxc2 29. Nxd8 Nd6 30. c5 Nc4 31. Bc3 Nxa3 32. c6 Nb5 33. Ne6 Bxc6 34. Bd2 Be4 35. f3 Bd3 36. Nc5 Bf5 37. g4 Nd4 38. gxf5 Nxf3+ 39. Kf2 Nxd2 40. Rxc2 Nb1 41. fxg6 hxg6 42. Nxa6 Na3 43. Rc8+ Kf7 44. Nc5 Nc4 45. Rc7+ Kg8 46. Ne4 Ne5 47. Nf6+ Kf8 48.
Nh7+ Kg8 49. Ng5 Ng4+ 50. Kg3 Nf6 51. Ra7 Nd5 52. h4 Nf6 53. Kf4 Nh5+ 54. Ke5 Ng3 55. Ne4 Nf5 56. h5 Nh4 57. hxg6 Nxg6+ 58. Kf6 Nf4 59. Ra8+ Kh7 60. Ng5+ Kh6 61. Rh8# 1-0

[Event "Early-Titled-Tuesday-Blitz-February-20-2024"]
[Site "Chess.com"]
[Date "2024.02.20"]
[Round "5"]
[White "Svet_1502"]
[Black "manipun1"]
[Result "1-0"]
[WhiteElo "2239"]
[BlackElo "2399"]
[TimeControl "180+1"]
[EndTime "8:56:44 PST"]
[Termination "Svet_1502 won on time"]

1. d4 d6 2. Nf3 g6 3. g3 Bg7 4. Bg2 Nf6 5. c4 O-O 6. O-O Nc6 7. Nc3 Bf5 8. Nh4 Bd7 9. e4 e5 10. dxe5 Nxe5 11. Qe2 Re8 12. f4 Nc6 13. Be3 a6 14.
Rae1 Rb8 15. f5 Ne5 16. fxg6 hxg6 17. Bg5 Bc6 18. Nf3 b5 19. Nxe5 Rxe5 20. Qd2 bxc4 21. Nd5 Bxd5 22. exd5 Qe7 23. Qf2 Rxe1 24. Rxe1 Qxe1+ 25. Qxe1 Rxb2 26. Qe7 Ng4 27. Qd8+ Kh7 28. Qe7 Rb1+ 29.
Bf1 Bd4+ 30. Kg2 Rb2+ 31. Kf3 Nxh2+ 32. Ke4 Nxf1 33. Qxf7+ Bg7 34. Qxf1 c3 35. Ke3 c2 36. Qc1 Rxa2 37. Kd2 a5 38. Kd3 a4 39. Kc4 a3 40.
Kb3 Rb2+ 41. Kxa3 Kg8 42. Qxb2 1-0

[Event "Early-Titled-Tuesday-Blitz-February-20-2024"]
[Site "Chess.com"]
[Date "2024.02.20"]
[Round "5"]
[White "Witik"]
[Black "arenal72"]
[Result "1-0"]
[WhiteElo "2773"]
[BlackElo "2570"]
[TimeControl "180+1"]
[EndTime "8:56:45 PST"]
[Termination "Witik won on time"]

1. d4 d6 2. e4 Nf6 3. Nc3 g6 4. g3 Bg7 5. Bg2 O-O 6. Nge2 e5 7.
h3 exd4 8. Nxd4 Nc6 9. Be3 Re8 10.
O-O Nxd4 11. Bxd4 c6 12. Qd2 Be6 13. a4 Qa5 14. f4 Rad8 15. Rad1 Qb4 16. g4 c5 17. Bf2 Qxb2 18. e5 Nd7 19. Nb5 dxe5 20. Rb1 Qa2 21. Ra1 Qc4 22. Nd6 Qxf4 23. Be3 Qb4 24.
c3 Qa5 25. Nxb7 Qc7 26. Nxd8 Rxd8 27. Qf2 a5 28. Rad1 c4 29. Bd5 Bxd5 30. Rxd5 Rf8 31. Rfd1 Nf6 32. Rb5 Ne4 33. Qe1 Qc6 34. Rxa5 f5 35.
Rad5 f4 36. Bf2 Ng5 37. Qf1 Nf3+ 38. Kh1 e4 39. Bc5 Nh4 40. Qxc4 e3 41. Qe4 Kh8 42. Bxf8 Bxf8 43. Qd4+ Bg7 44. Qd3 h6 45. Kg1 Kh7 46. Kf1 Qd7 47. Rxd7 f3 48. Qxe3 1-0

[Event "Early-Titled-Tuesday-Blitz-February-20-2024"]
[Site "Chess.com"]
[Date "2024.02.20"]
[Round "5"]
[White "RedFirePanda"]
[Black "lasRojas"]
[Result "1-0"]
[WhiteElo "2561"]
[BlackElo "2276"]
[TimeControl "180+1"]
[EndTime "8:56:45 PST"]
[Termination "RedFirePanda won by resignation"]

1. d4 Nf6 2. Bf4 e6 3. e3 c5 4. Nf3 b6 5. c3 Bb7 6. Be2 Be7 7. O-O d6 8. Nbd2 Nh5 9. Bg3 Nxg3 10. hxg3 Nd7 11.
a4 h5 12. a5 h4 13. axb6 axb6 14. Rxa8 Qxa8 15. Qa1 hxg3 16. fxg3 Qc8 17. Bb5 Bc6 18. Qa4 Bxb5 19. Qxb5 Rh6 20. Nc4 Qc7 21. Ra1 Rg6 22. Kf2 Kf8 23. Ra6 Nf6 24. Nxb6 Ne4+ 25. Kg1 Nxg3 26. Ra8+ Bd8 27. Qd7 Qxd7 28. Nxd7+ Ke7 29. Nb8 Bc7 30. Nc6+ Kd7 31. Na5 Ne4 32. Nc4 cxd4 33. exd4 Rg4 34. Rg8 Nf6 35. Rf8 Ke7 36. Ra8 Re4 37. Ncd2 Rg4 38. Ra7 Kd7 39. Nc4 Kc8 40. Ra8+ Kb7 41. Rf8 Nh5 42. Rxf7 Nf4 43. Ne1 Nh3+ 44.
Kh2 Ng5 45. Re7 d5+ 46. Ne5 Re4 47. Nf3 Nxf3+ 48. gxf3 Re2+ 49. Kg3 Rxb2 50. Rxg7 Rc2 51. Re7 Rxc3 52. Rxe6 Re3 53. Kf4 Re1 54. Re7 Kc8 55.
Re8+ Kb7 56. Kf5 Rf1 57. f4 Kb6 58. Re7 Bxe5 59. dxe5 Kb5 60. Rd7 Kc4 61. e6 d4 62. e7 Re1 63. Kf6 d3 64. Kf7 Kc3 65.
e8=Q Rxe8 66. Kxe8 d2 67. f5 Kc2 68. f6 d1=Q 69.
Rxd1 Kxd1 70. f7 1-0